 Dungeon Crawl Stone Soup version 0.31-a0-102-g33a4ccc0cb (webtiles) character file.

Game seed: 2645420404982376543

46 Esekla the Sneak (level 3, 12/26 HPs)
             Began as an Octopode Delver on May 26, 2023.
             Quit the game on level 5 of the Dungeon.
             The game lasted 00:02:21 (178 turns).

Esekla the Sneak (Octopode Delver)                   Turns: 178, Time: 00:02:21

Health: 12/26      AC:  1    Str: 11    XL:     3   Next: 68%
Magic:  4/4        EV: 13    Int: 14    God:
Gold:   0          SH:  0    Dex: 13    Spells: 3/3 levels left

rFire   . . .        a - +0 falchion
rCold   . . .        (no shield)
rNeg    . . .        (helmet restricted)
rPois   .            (no amulet)
rElec   .            (no ring)
rCorr   .            (no ring)
SInv    .            (no ring)
Will    .....        (no ring)
Stlth   ++++         (no ring)
HPRegen 0.24/turn    (no ring)
MPRegen 0.09/turn    (no ring)
                     (no ring)

%: no passive effects
@: no status effects
A: almost no armour, amphibious, 8 rings, camouflage 1, gelatinous body 1,
(nimble swimmer 1), tentacles
a: no special abilities


You were on level 5 of the Dungeon.
You visited 1 branch of the dungeon, and saw 1 of its levels.

Inventory:

Hand Weapons
 a - a +0 falchion (weapon)
Wands
 f - a wand of digging (2)
Scrolls
 b - a scroll of fog
 c - 2 scrolls of teleportation {unknown}
 g - a scroll of noise {unknown}
Potions
 e - a potion of haste


   Skills:
 * Level 3.3 Fighting
 * Level 2.2 Long Blades
 * Level 2.3 Dodging
 + Level 7.3 Stealth
 * Level 0.7 Spellcasting


You had 3 spell levels left.
You didn't know any spells.
Your spell library was empty.

Dungeon Overview and Level Annotations

Branches:
Dungeon (5/15)
 Temple: D:4-7

Altars:
Fedhas
Hepliaklqana
Makhleb
Sif Muna
Uskayaw
The Shining One

Annotations:
D:5 1 transporter, rz's ghost, amateur DrCj


Innate Abilities, Weirdness & Mutations

You cannot wear most types of armour.
You are amphibious.
You can wear up to eight rings at the same time.
Your skin changes colour to match your surroundings (Stealth+).
Your rubbery body absorbs attacks. (AC +1, EV +1)
((You are camouflaged when in or above water. (Stealth+)))
You have tentacles for arms and can constrict up to eight enemies at once.


Message History

You hit the sleepcap but do no damage.
The sleepcap is moderately damaged.
You constrict the sleepcap, but do no damage.
The sleepcap completely misses you.
You hit the sleepcap.
You squeeze the sleepcap, but do no damage.
The sleepcap is heavily damaged.
You constrict the sleepcap. The sleepcap barely misses you.
You hit the sleepcap.
The sleepcap is severely damaged.
You constrict the sleepcap. The sleepcap releases spores at you!
* * * LOW HITPOINT WARNING * * *
The sleepcap barely misses you.
You hit the sleepcap but do no damage.
The sleepcap is severely damaged.
You constrict the sleepcap. The sleepcap completely misses you.
You hit the sleepcap but do no damage. You squeeze the sleepcap.
You destroy the sleepcap!
You have reached level 3!
Your experience leads to an increase in your attributes!
Increase (S)trength, (I)ntelligence, or (D)exterity?
You feel clever. x2
You open the door.
The gnoll bouda barks out a call to the hunt!
There is an open door here.
The gnoll bouda barks out a call to the hunt!
The gnoll bouda gazes fiercely through you!
You feel your attacks grow feeble.
Your attacks no longer feel as feeble.
You open the door.
Found a hide-covered altar of Uskayaw and a shimmering blue altar of Sif Muna.
Aiming: Dig
Press: ? - help, Shift-Dir - straight line The rock shatters into small pieces.
Found a war axe.
Found a transporter.
A centaur comes into view.
A hound comes into view.
Found an escape hatch in the floor.
The hound moves out of view.
Found a blossoming altar of Fedhas.
Are you sure you want to abandon this character and quit the game? (Confirm with "yes".)

**##>,,,,*,*,*,#.*,,,,,,,
*....,,,,+*,*,#.#.,,*****
*.PPP.,,,*,*,#.#.#.,*,,,,
*P.P..#+*,*,#.#.#c..*,,,,
*PP_P..#,*,#.#.#.#..#,,**
*,,..P#.#,#.#.#.#...#.,*8
*,,,,..#.#.#.#.#.#..#..,,
*,**,,#.#.#.#.#.#..©#W.,,
*,,,,*,#@#.#.#.#.#..#...,
****,,#.#.#.#.#.#...#.Z#8
*********,#>#.#.#.#.#.#..#..#*
*,,,,,,,,..#.#.#.#.#.#...#.,,,
*,******#.#.#.#.#.#.#.#..#,,,,
*,******#..#.#.#.#.#.#...#####
*,**,,,,..#.#.#.#.#.#.#.......
*,**,,,..#.#.#.#.#.#.#........
*,**,,,,,.#+#.#.#.#.#.#.#.#.#.


There were no monsters in sight!

Vanquished Creatures
  A sleepcap (D:5)
  A gnoll (D:5)
  An adder (D:5)
3 creatures vanquished.

Notes
Turn   | Place    | Note
-------+----------+-------------------------------------------
     0 | D:5      | Esekla the Octopode Delver began the quest for the Orb.
     0 | D:5      | Reached XP level 1. HP: 16/16 MP: 1/1
    66 | D:5      | Found a glowing golden altar of the Shining One.
    66 | D:5      | Found a hazy altar of Hepliaklqana.
    75 | D:5      | Noticed a jelly
    81 | D:5      | Found a burning altar of Makhleb.
    96 | D:5      | Reached XP level 2. HP: 18/21 MP: 2/2
   119 | D:5      | Noticed a gnoll sergeant
   119 | D:5      | Noticed a scorpion
   129 | D:5      | Reached skill level 7 in Stealth
   131 | D:5      | HP: 1/21 [sleepcap (8)]
   134 | D:5      | Reached XP level 3. HP: 2/26 MP: 2/4
   151 | D:5      | Found a hide-covered altar of Uskayaw.
   151 | D:5      | Found a shimmering blue altar of Sif Muna.
   169 | D:5      | Noticed rz's ghost (amateur DrCj)
   171 | D:5      | Found a transporter.
   174 | D:5      | Noticed a centaur
   177 | D:5      | Found a blossoming altar of Fedhas.
   178 | D:5      | Quit the game

Illustrated notes

Levels and vault maps discovered:
D:5:      layout_basic, old_standard_altar, fedhas_altar_3,
          chequers_temple_overflow_statue_of_worship,
          mainiacjoe_overflow_divided_tiny, gammafunk_ghost_mausoleum,
          nicolae_grassy_gnolls

Skill      XL: |  1  2 |
---------------+-------+-----
Stealth        | 7 |  7.3
Fighting       | |  3.3
Long Blades    | |  2.2
Dodging        | |  2.3
Spellcasting   | |  0.7

Action                     || total
---------------------------++-------
  Melee: Falchion          ||    13
         Constrict         ||     3
         Tentacles         ||     3
  Evoke: Wand              ||     1
    Use: Scroll            ||     2
 Armour: Skin              ||     1
  Dodge: Dodged            ||     9

Table legend: (Time is in decaauts)
 A = Elapsed time spent in this place.
 B = Non-inter-level travel time spent in this place.
 C = Inter-level travel time spent in this place.
 D = Time resting spent in this place.
 E = Time spent auto-exploring this place.
 F = Levels seen in this place.
 G = Mean time per level.
                   A        B        C        D        E       F      G
               +--------+--------+--------+--------+--------+-----+--------+
         Total |    180 |    180 |      0 |      0 |      0 |   1 |  180.0 |
       Dungeon |    180 |    180 |      0 |      0 |      0 |   1 |  180.0 |
               +--------+--------+--------+--------+--------+-----+--------+

Top non-repeatable levels by time:
     D:5: 180 daAuts
